 Dungeon Crawl Stone Soup version 0.28.0 (webtiles) character file.

Game seed: 3335801503516167892

903 Cykl0x the Digger (level 8, -2/47 HPs)
             Began as a Gargoyle Earth Elementalist on Feb 7, 2022.
             Slain by a gnoll sergeant (9 damage)
             ... on level 5 of the Dungeon.
             The game lasted 00:11:04 (4791 turns).

Cykl0x the Digger (Gargoyle Earth Elementalist)     Turns: 4791, Time: 00:11:05

Health: -2/47      AC: 14    Str: 12    XL:     8   Next: 7%
Magic:  2/14       EV:  9    Int: 24    God:
Gold:   167        SH:  0    Dex: 10    Spells: 11/15 levels left

rFire   . . .      SeeInvis .   j - +0 long sword
rCold   . . .      Faith    .   (no shield)
rNeg    + . .      Spirit   .   e - +0 scale mail
rPois   ∞          Reflect  .   n - +0 helmet
rElec   +          Harm     .   f - +0 cloak {rCorr}
rCorr   +          Rampage  .   (no gloves)
Will    .....                   (no boots)
Stlth   ..........              (no amulet)
HPRegen 0.15/turn               k - +6 ring of intelligence
MPRegen 0.14/turn               (no ring)

@: very slightly contaminated
A: sickness immunity, AC +5, negative energy resistance 1, electricity
resistance, torment resistance 1, petrification resistance
a: no special abilities


You were on level 5 of the Dungeon.
You visited 1 branch of the dungeon, and saw 5 of its levels.

You collected 167 gold pieces.

Inventory:

Hand Weapons
 i - a +1 dagger of venom
 j - a +0 long sword (weapon)
Missiles
 c - 47 stones
Armour
 b - a +0 robe
 e - a +0 scale mail (worn)
 f - a +0 cloak of preservation (worn)
 n - a +0 helmet (worn)
Jewellery
 k - a +6 ring of intelligence (left hand)
Wands
 q - a wand of flame (15)
 r - a wand of charming (5)
 s - a wand of paralysis (11)
Scrolls
 h - 2 scrolls of identify
 o - a scroll of torment {unknown}
 p - a scroll of holy word {unknown}
 t - a scroll of amnesia {unknown}
Potions
 a - 3 potions of mutation
 d - a potion of resistance
 g - a potion of brilliance
 l - a potion of ambrosia


   Skills:
 * Level 3.6 Fighting
 + Level 0.2(1.0) Short Blades
 + Level 1.6 Long Blades
 + Level 3.1 Armour
 + Level 2.0 Dodging
 - Level 2.1 Stealth
 + Level 4.2 Spellcasting
 * Level 3.3 Conjurations
 - Level 0.7 Transmutations
 + Level 6.3 Earth Magic


You had 11 spell levels left.
You knew the following spells:

 Your Spells              Type           Power      Damage    Failure   Level
a - Sandblast             Erth           70%        2d15      3%          1
b - Stone Arrow           Conj/Erth      56%        3d10      19%         3

Your spell library contained the following spells:

 Spells                   Type           Power      Damage    Failure   Level
 Passwall                 Tmut/Erth      18%        N/A       17%         2
 Petrify                  Tmut/Erth      22%        N/A       73%         4


Dungeon Overview and Level Annotations

Branches:
Dungeon (5/15)
 Temple: D:4-7

Altars:
Qazlal


Innate Abilities, Weirdness & Mutations

You are immune to sickness and miasma.
Your stone body is resilient. (AC +5)
You are immune to poison.
You resist negative energy. (rN+)
You are resistant to electric shocks. (rElec)
You are resistant to unholy torment.
You are immune to petrification.


Message History

The gnoll sergeant hits you from afar with a +0 spear.
* * * LOW HITPOINT WARNING * * *
You bump into the rock wall.
You feel less invigorated.
You feel less confused.
The gnoll sergeant hits you from afar with a +0 spear.
Casting: Sandblast (safe; 3% risk of failure)
Confirm with . or Enter, or press ? or * to list all spells.
Aiming: Stone Arrow (dangerous; 19% risk of failure)
Press: ? - help, Shift-Dir - straight line, f/p - gnoll sergeant
Aim: a gnoll sergeant, wielding a +0 spear and wearing a +0 ring mail (almost dead, 79% to hit)
You miscast Stone Arrow.
You are very lightly contaminated with residual magic.
You are blasted with sand.
The gnoll sergeant hits you from afar with a +0 spear.
* * * LOW HITPOINT WARNING * * *
Casting: Stone Arrow (dangerous; 19% risk of failure)
Confirm with . or Enter, or press ? or * to list all spells.
Aiming: Stone Arrow (dangerous; 19% risk of failure)
Press: ? - help, Shift-Dir - straight line, f/p - gnoll sergeant
Aim: a gnoll sergeant, wielding a +0 spear and wearing a +0 ring mail (almost dead, 79% to hit)
You miscast Stone Arrow.
Nothing appears to happen.
The gnoll sergeant hits you from afar with a +0 spear.
* * * LOW HITPOINT WARNING * * *
Casting: Stone Arrow (dangerous; 19% risk of failure)
Confirm with . or Enter, or press ? or * to list all spells.
Aiming: Stone Arrow (dangerous; 19% risk of failure)
Press: ? - help, Shift-Dir - straight line, f/p - gnoll sergeant
Aim: a gnoll sergeant, wielding a +0 spear and wearing a +0 ring mail (almost dead, 79% to hit)
The gnoll sergeant hits you from afar with a +0 spear.
* * * LOW HITPOINT WARNING * * *
Unknown command.
Casting: Stone Arrow (dangerous; 19% risk of failure)
Confirm with . or Enter, or press ? or * to list all spells.
Aiming: Stone Arrow (dangerous; 19% risk of failure)
Press: ? - help, Shift-Dir - straight line, f/p - gnoll sergeant
Aim: a gnoll sergeant, wielding a +0 spear and wearing a +0 ring mail (almost dead, 79% to hit)
You miscast Stone Arrow.
Nothing appears to happen.
The gnoll sergeant barely misses you.
The gnoll sergeant hits you with a +0 spear!
You die...

.### ...## #...###
?..... ##...##
#.....#
#.########.....#####
#......@ggg<........
##########..........
#.......PP.
###.#......
#.....PP. ###.P....
......


.PP.P .PP. You could see a gnoll sergeant and 2 gnolls.

Vanquished Creatures
  Grinder (D:3)
  Sigmund (D:3)
  An ice beast (D:5)
  A sky beast (D:4)
  A scorpion (D:3)
  Crazy Yiuf (D:3)
  Terence (D:2)
  An iguana (D:4)
  Natasha (D:2)
  A hound skeleton (D:4)
  Robin (D:3)
  4 adders
  6 gnolls
  2 worms
  A dart slug (D:1)
  2 orcs (D:3)
  7 bats
  3 endoplasms
  4 giant cockroaches
  15 goblins
  14 hobgoblins
  2 jackals (D:2)
  8 kobolds
  3 quokkas
  4 ball pythons
  5 frilled lizards
  6 rats
97 creatures vanquished.

Vanquished Creatures (others)
  A fungus (D:3)
  5 plants (D:5)
6 creatures vanquished.

Grand Total: 103 creatures vanquished

Notes
Turn   | Place    | Note
-------+----------+-------------------------------------------
     0 | D:1      | Cykl0x the Gargoyle Earth Elementalist began the quest for
                  | the Orb.
     0 | D:1      | Reached XP level 1. HP: 10/10 MP: 3/3
   150 | D:1      | Reached XP level 2. HP: 16/16 MP: 1/5
   718 | D:1      | You fall into a shaft and drop 1 floor!
   718 | D:2      | Noticed Terence
   723 | D:2      | Reached skill level 4 in Earth Magic
   757 | D:2      | Killed Terence
   758 | D:2      | Reached skill level 1 in Fighting
   758 | D:2      | Reached skill level 1 in Conjurations
   758 | D:2      | Reached XP level 3. HP: 6/20 MP: 0/6
   774 | D:2      | Learned a level 3 spell: Stone Arrow
  1361 | D:2      | Reached XP level 4. HP: 25/25 MP: 5/7
  1782 | D:2      | Noticed Natasha
  1792 | D:2      | Killed Natasha
  1914 | D:2      | Found a faded altar of an unknown god.
  1981 | D:2      | Reached XP level 5. HP: 29/29 MP: 6/9
  2258 | D:1      | Reached skill level 1 in Armour
  2449 | D:3      | Reached skill level 5 in Earth Magic
  2974 | D:3      | Noticed Sigmund
  2990 | D:3      | Killed Sigmund
  2991 | D:3      | Reached XP level 6. HP: 23/36 MP: 1/11
  3052 | D:3      | Noticed Grinder
  3125 | D:3      | Killed Grinder
  3126 | D:3      | Reached XP level 7. HP: 37/41 MP: 1/12
  3391 | D:3      | Noticed Robin
  3397 | D:3      | Killed Robin
  3398 | D:3      | Reached skill level 1 in Long Blades
  3715 | D:3      | Found a runed translucent door.
  3716 | D:3      | Noticed Crazy Yiuf
  3720 | D:3      | Killed Crazy Yiuf
  3721 | D:3      | Reached skill level 6 in Earth Magic
  4087 | D:4      | Found a stormy altar of Qazlal.
  4602 | D:5      | Entered Level 5 of the Dungeon
  4766 | D:5      | Reached XP level 8. HP: 31/47 MP: 7/14
  4791 | D:5      | Slain by a gnoll sergeant

Illustrated notes

Levels and vault maps discovered:
D:1:      psy_arrival_radial01, layout_basic, minmay_stone_trees_small
D:2:      layout_basic, hellmonk_ecumenical_altar_arch_garden,
          minmay_pentomino_o4, uniq_natasha, uniq_terence
D:3:      layout_loops_ring, uniq_crazy_yiuf_cottage, uniq_sigmund,
          uniq_grinder, uniq_robin
D:4:      layout_cave_pools, nicolae_qazlal_scattered_showers,
          serial_column_ruins, column_ruins_square_small,
          column_ruins_courtyard_long, column_ruins_columns_corner,
          column_ruins_corridor_corner, column_ruins_grid_1,
          column_ruins_grid_1, column_ruins_open_tiny,
          column_ruins_corridor_straight, chequers_serial_rivers_micro_c
D:5:      layout_loops_ring, minmay_temple_entry_slanted, nicolae_grassy_gnolls,
          uniq_eustachio

Skill      XL: |  1  2  3  4  5  6  7 |
---------------+----------------------+-----
Earth Magic    | 4 5 6 |  6.3
Fighting       | 1 2 3 |  3.6
Conjurations   | 1 2 3 |  3.3
Armour         | 2 3 |  3.1
Spellcasting   | 3 4 |  4.2
Dodging        | 2 |  2.0
Long Blades    | 1 |  1.6
Short Blades   | |  0.2
Stealth        | |  2.1
Transmutations | |  0.7

Action                   |  1- 3 |  4- 6 |  7- 9 || total
-------------------------+-------+-------+-------++-------
Melee: Dagger            |     7 |    30 |       ||    37
       Punch             |     1 |       |     3 ||     4
       Long sword        |       |     6 |    45 ||    51
 Cast: Sandblast         |    43 |    43 |    21 ||   107
       Stone Arrow       |       |     8 |    23 ||    31
  Use: Scroll            |     6 |     4 |     2 ||    12
       Potion            |       |     1 |     2 ||     3
Armor: Robe              |     1 |       |       ||     1
       Scale mail        |     9 |    33 |    48 ||    90
Dodge: Dodged            |    11 |    29 |    31 ||    71
